 Dungeon Crawl Stone Soup version 0.32-a0-975-g85d4e5bfdb (webtiles) character file.

Game seed: 8501613618629855462

516 shadowmeld the Magician (level 7, -1/53 HPs)
             Began as a Djinni Fire Elementalist on Apr 19, 2024.
             Was an Initiate of Ashenzari.
             Slain by a gnoll sergeant
             ... wielding a +0 trident
              (13 damage)
             ... on level 7 of the Dungeon.
             The game lasted 00:21:09 (3653 turns).

shadowmeld the Magician (Djinni Fire Elementalist)  Turns: 3653, Time: 00:21:09

Health: -1/53      AC:  3    Str:  7    XL:     7   Next: 44%
Gold:   153        EV: 12    Int: 18    God:    Ashenzari [......] SH:  0 Dex: 14

rFire   + + .        e - +5 short sword
rCold   x . .        (no shield)
rNeg    . . .        a - +0 robe
rPois   ∞            (no helmet)
rElec   .            (no cloak)
rCorr   .            b - +0 pair of gloves
SInv    .            (boots unavailable)
Will    .....        (no amulet)
Stlth   ++           (no ring)
HPRegen 0.28/turn    (no ring)

%: infuse magic (-2 HP)
@: flying
A: sickness immunity, fire resistance 2, cold vulnerability 1, float, innate
caster, HP casting, extra vitality 1
a: Renounce Religion


You were on level 7 of the Dungeon.
You worshipped Ashenzari.
Ashenzari was noncommittal.
You visited 2 branches of the dungeon, and saw 7 of its levels.
You also visited: Sewer.

You collected 181 gold pieces.
You spent 28 gold pieces at shops.

Inventory:

Hand Weapons
 e - a +5 short sword (weapon)
Armour
 a - a +0 robe (worn)
 b - a +0 pair of gloves (worn)
 n - a +0 scale mail
Magical Staves
 f - a staff of death
Scrolls
 c - 2 scrolls of vulnerability
 g - a scroll of fear {unknown}
 h - 2 scrolls of noise {unknown}
 j - 2 scrolls of enchant armour {unknown}
 k - 3 scrolls of teleportation {unknown}
 l - 2 scrolls of poison {unknown}
 p - a scroll of amnesia {unknown}
 q - 3 scrolls of brand weapon {unknown}
 r - a scroll of acquirement {unknown}
 t - a scroll of fog {unknown}
 u - a scroll of enchant weapon {unknown}
 w - a scroll of blinking {unknown}
Potions
 d - 2 potions of enlightenment
 i - a potion of heal wounds {unknown}
 m - 2 potions of lignification {unknown}
 o - 5 potions of curing {unknown}
 s - a potion of resistance {unknown}
 v - a potion of degeneration {unknown}


   Skills:
 * Level 4.6 Fighting
 + Level 0.1 Short Blades
 + Level 3.0 Dodging
 - Level 1.5 Stealth
 * Level 5.0 Spellcasting
 * Level 5.0 Conjurations
 * Level 5.0 Hexes
 * Level 5.0 Summonings
 * Level 5.0 Necromancy
 * Level 5.0 Translocations
 * Level 5.0 Fire Magic
 * Level 5.0 Ice Magic
 * Level 5.0 Air Magic
 * Level 5.0 Earth Magic
 * Level 5.0 Alchemy


You knew the following spells:

 Your Spells              Type           Power      Damage    Failure   Level
a - Foxfire               Conj/Fire      88%        2x1d8     1%          1
b - Scorch                Fire           44%        2d6       2%          2
c - Volatile Blastmotes   Fire/Tloc      44%        2d13      4%          3
d - Inner Flame           Hex/Fire       22%        N/A       4%          3
e - Flame Wave            Conj/Fire      22%        2d8       16%         4
f - Summon Small Mammal   Summ           88%        N/A       1%          1
g - Ensorcelled Hibernat  Hex/Ice        44%        N/A       2%          2
h - Sigil of Binding      Hex            22%        N/A       4%          3
Your spell library was empty.

Dungeon Overview and Level Annotations

Branches:
Dungeon (7/15)             Temple (1/1) D:4           Sewer (visited)

Altars:
Ashenzari
Cheibriados
Dithmenos
Elyvilon
Fedhas
Gozag
Hepliaklqana
Makhleb
Nemelex Xobeh
Okawaru
Qazlal
Ru
Trog
Uskayaw
Wu Jian
Xom
Yredelemnul
Zin
The Shining One

Shops:
D:1 :   D:3 ?   D:6 ?

Annotations:
D:4 1 runed translucent door, Crazy Yiuf


Innate Abilities, Weirdness & Mutations

You are immune to sickness and miasma.
You are immune to poison.
Your flesh is very heat resistant. (rF++)
You are vulnerable to cold. (rC-)
You float through the air rather than walking.
You learn spells naturally, not from books.
Your magical power is your life essence.
You have superior vitality. (+4 MHP)


Message History

Found a fizzy brown potion.
Found Xiemoom's Magic Scroll Shoppe.
Found a stone staircase leading up.
There is a stone staircase leading down here.
The gnoll barely misses you. The gnoll closely misses you.
The gnoll misses you.
The gnoll sergeant hits you with a +0 trident.
The gnoll hits you but does no damage.
You fly downwards.
There is a stone staircase leading up here.
Casting: Scorch (safe; 2% risk of failure)
Confirm with . or Enter, or press ? or * to list all spells.
Flames lash the gnoll sergeant.
The gnoll sergeant is moderately wounded.
The gnoll sergeant's fire resistance burns away.
The gnoll sergeant barely misses you. The gnoll hits you but does no damage.
The gnoll hits you from afar with a +0 spear.
Casting: Scorch (safe; 2% risk of failure)
Confirm with . or Enter, or press ? or * to list all spells.
Flames lash the gnoll.
The gnoll is moderately wounded.
The gnoll's fire resistance burns away.
The gnoll hits you with a +0 whip. The gnoll misses you.
The gnoll sergeant closely misses you.
Casting: Scorch (safe; 2% risk of failure)
Confirm with . or Enter, or press ? or * to list all spells.
Flames lash the gnoll.
The gnoll is burned terribly!
You kill the gnoll!
The gnoll sergeant barely misses you. The gnoll hits you with a +0 whip.
Casting: Scorch (safe; 2% risk of failure)
Confirm with . or Enter, or press ? or * to list all spells.
Flames lash the gnoll.
The gnoll is severely wounded.
The gnoll's fire resistance burns away.
The gnoll hits you with a +0 whip!
The gnoll sergeant hits you with a +0 trident!
* * * LOW HITPOINT WARNING * * *
Unknown command.
You hit the gnoll.
You kill the gnoll!
The gnoll sergeant is no longer more vulnerable to fire.
The gnoll sergeant hits you with a +0 trident!
You die...

##############
#....)@g)....#
#.##########.#
..#.....#
######.......#
#....#######.#
#.##..[......#
.. ###########
... ...


You could see a gnoll sergeant.

Vanquished Creatures
  A kobold brigand (Sewer)
  2 brain worms (Sewer)
  A scorpion (D:4)
  A bombardier beetle (D:4)
  An iguana (D:4)
  6 gnolls
  4 adders
  2 river rats (Sewer)
  2 ribbon worms
  2 dart slugs
  7 ball pythons
  4 bats
  3 endoplasms
  7 giant cockroaches
  8 goblins
  4 hobgoblins
  6 jackals (Sewer)
  10 kobolds
  7 quokkas
  3 frilled lizards
  13 rats
94 creatures vanquished.

Vanquished Creatures (others)
  142 foxfires
142 creatures vanquished.

Grand Total: 236 creatures vanquished

Notes
Turn   | Place    | Note
-------+----------+-------------------------------------------
     0 | D:1      | shadowmeld the Djinni Fire Elementalist began the quest for
                  | the Orb.
     0 | D:1      | shadowmeld set off with the following spells memorised:
                  | Foxfire, Scorch, Volatile Blastmotes, Inner Flame, Flame
                  | Wave.
     0 | D:1      | Reached XP level 1. HP: 15/15 MP: 0/0
    85 | D:1      | Reached XP level 2. HP: 18/22 MP: 0/0
   141 | D:1      | Found Felur's Book Shop.
   166 | D:1      | Reached skill level 1 in Fighting
   420 | D:1      | Reached XP level 3. HP: 23/27 MP: 0/0
   420 | D:1      | Learned a level 1 spell: Summon Small Mammal
   909 | D:2      | Reached XP level 4. HP: 29/33 MP: 0/0
  1437 | D:2      | Reached XP level 5. HP: 35/39 MP: 0/0
  1437 | D:2      | Learned a level 2 spell: Ensorcelled Hibernation
  1806 | D:3      | Found Kiefued's Magic Scroll Shop.
  1837 | D:3      | Bought a scroll of identify for 28 gold pieces
  1973 | D:3      | Found an opulent altar of Gozag.
  1976 | D:3      | Found an iron altar of Okawaru.
  2051 | D:3      | Found a glowing drain.
  2062 | Sewer    | Entered a sewer
  2283 | Sewer    | Noticed a brain worm
  2292 | Sewer    | Killed a brain worm
  2293 | Sewer    | Reached XP level 6. HP: 25/46 MP: 0/0
  2753 | Sewer    | Reached XP level 7. HP: 44/52 MP: 0/0
  2753 | Sewer    | Learned a level 3 spell: Sigil of Binding
  3152 | D:3      | Found a sacrificial altar of Ru.
  3306 | D:4      | Found a staircase to the Ecumenical Temple.
  3320 | Temple   | Entered the Ecumenical Temple
  3332 | Temple   | Became a worshipper of Ashenzari the Shackled
  3403 | D:4      | Found a runed translucent door.
  3404 | D:4      | Noticed Crazy Yiuf
  3571 | D:4      | Reached skill level 5 in Spellcasting
  3571 | D:4      | Reached skill level 5 in Conjurations
  3571 | D:4      | Reached skill level 5 in Hexes
  3571 | D:4      | Reached skill level 5 in Summonings
  3571 | D:4      | Reached skill level 5 in Necromancy
  3571 | D:4      | Reached skill level 5 in Translocations
  3571 | D:4      | Reached skill level 5 in Fire Magic
  3571 | D:4      | Reached skill level 5 in Ice Magic
  3571 | D:4      | Reached skill level 5 in Air Magic
  3571 | D:4      | Reached skill level 5 in Earth Magic
  3571 | D:4      | Reached skill level 5 in Alchemy
  3623 | D:4      | You are sucked into a shaft and drop 3 floors!
  3646 | D:6      | Found Xiemoom's Magic Scroll Shoppe.
  3653 | D:7      | Slain by a gnoll sergeant

Illustrated notes

Levels and vault maps discovered:
D:1:      giann_bridges, layout_basic, serial_shops, shop_fountains
D:2:      layout_basic
D:3:      layout_rooms, grunt_temple_overflow_diamond, portal_sewer_entry_f,
          serial_shops, nicolae_square_shop
D:4:      layout_rooms, minmay_temple_entry_stoned_glass, minmay_misc_feat_five,
          dk_noncrumbling_2, uniq_crazy_yiuf_cottage
D:6:      layout_loops_ring, serial_shops, nicolae_take_the_stairs,
          nicolae_sextant, kennysheep_generic_room_13, uniq_menkaure,
          uniq_pikel, uniq_blork_the_orc
D:7:      layout_basic, nzn_ghost_randoct
Temple:   nicolae_temple_bog_church

Skill      XL: |  1  2  3  4  5  6  7 |
---------------+----------------------+-----
Fighting       | 1 2 3 4 |  4.6
Spellcasting   | 4 5 |  5.0
Conjurations   | 4 5 |  5.0
Hexes          | 4 5 |  5.0
Summonings     | 4 5 |  5.0
Necromancy     | 4 5 |  5.0
Translocations | 4 5 |  5.0
Fire Magic     | 4 5 |  5.0
Ice Magic      | 4 5 |  5.0
Air Magic      | 4 5 |  5.0
Earth Magic    | 4 5 |  5.0
Alchemy        | 4 5 |  5.0
Dodging        | 3 |  3.0
Short Blades   | |  0.1
Stealth        | |  1.5

Action                     |  1- 3 |  4- 6 |  7- 9 || total
---------------------------+-------+-------+-------++-------
  Melee: Short sword       |     1 |    15 |     5 ||    21
   Cast: Foxfire           |    68 |    22 |       ||    90
         Scorch            |       |    59 |    19 ||    78
    Use: Scroll            |       |     2 |       ||     2
 Armour: Robe              |     6 |     4 |    10 ||    20
  Dodge: Dodged            |     5 |    11 |    13 ||    29

Table legend: (Time is in decaauts)
 A = Elapsed time spent in this place.
 B = Non-inter-level travel time spent in this place.
 C = Inter-level travel time spent in this place.
 D = Time resting spent in this place.
 E = Time spent auto-exploring this place.
 F = Levels seen in this place.
 G = Mean time per level.
                   A        B        C        D        E       F      G
               +--------+--------+--------+--------+--------+-----+--------+
         Total |   3651 |   3637 |     14 |      0 |   2456 |   8 |  456.4 |
       Dungeon |   2767 |   2764 |      3 |      0 |   1766 |   6 |  461.2 |
        Temple |     32 |     21 |     11 |      0 |      5 |   1 |   32.0 |
         Sewer |    851 |    851 |      0 |      0 |    685 |   1 |  851.0 |
               +--------+--------+--------+--------+--------+-----+--------+

Top non-repeatable levels by time:
     D:2: 1086 daAuts
   Sewer: 851 daAuts
     D:1: 708 daAuts
     D:3: 555 daAuts
     D:4: 386 daAuts
  Temple: 32 daAuts
     D:7: 28 daAuts
     D:6: 1 daAuts
